 Dungeon Crawl Stone Soup version 0.30-a0-364-gf6b3ef1049 (webtiles) character file.

Game seed: 17007472231721355447

774 retardedninja the Trooper (level 7, -1/94 HPs)
             Began as a Hill Orc Fighter on Nov 15, 2022.
             Slain by a gnoll
             ... wielding a +1 halberd of venom
             ... led by a gnoll bouda
              (2 damage)
             ... on level 4 of the Dungeon on Nov 16, 2022.
             The game lasted 00:06:52 (4846 turns).

retardedninja the Trooper (Hill Orc Fighter)        Turns: 4846, Time: 00:06:53

Health: -1/94      AC:  8    Str: 21    XL:     7   Next: 84%
Magic:  7/7        EV:  9    Int:  8    God:
Gold:   81         SH:  5    Dex: 10    Spells: 6/6 levels left

rFire   . . .      SeeInvis .    a - +3 war axe
rCold   . . .      Faith    .    c - +0 buckler
rNeg    . . .      Spirit   .    b - +0 scale mail
rPois   .          Reflect  .    (no helmet)
rElec   .          Harm     .    (no cloak)
rCorr   .          Rampage  .    (no gloves)
Will    .....                    q - +0 pair of boots
Stlth   ..........               (no amulet)
HPRegen 0.35/turn                (no ring)
MPRegen 0.10/turn                (no ring)

@: berserking, lethally poisoned (-1 -> -13), very quick
A: no striking features
a: no special abilities


You were on level 4 of the Dungeon.
You visited 1 branch of the dungeon, and saw 4 of its levels.
You also visited: Sewer.

You collected 275 gold pieces.
You spent 194 gold pieces at shops.

Inventory:

Hand Weapons
 a - a +3 war axe (weapon)
Armour
 b - a +0 scale mail (worn)
 c - a +0 buckler (worn)
 q - a +0 pair of boots (worn)
Jewellery
 s - a ring of see invisible
 t - an amulet of faith
 u - a +4 ring of protection
Scrolls
 e - 4 scrolls of identify {unknown}
 h - 4 scrolls of vulnerability {unknown}
 i - 3 scrolls of magic mapping {unknown}
 j - 2 scrolls of teleportation {unknown}
 k - 2 scrolls of poison {unknown}
 l - a scroll of fear {unknown}
 m - a scroll of enchant armour {unknown}
 n - a scroll of immolation {unknown}
 p - a scroll of summoning {unknown}
 r - a scroll of amnesia {unknown}
Potions
 d - a potion of might
 f - 3 potions of haste {unknown}
 g - 2 potions of berserk rage
 o - a potion of lignification {unknown}
 v - a potion of mutation {unknown}


   Skills:
 + Level 6.2 Fighting
 + Level 6.1 Axes
 + Level 5.7 Armour
 + Level 5.6 Shields


You had 6 spell levels left.
You didn't know any spells.
Your spell library contained the following spells:

 Spells                   Type           Power      Damage    Failure   Level
 Sting                    Tmut/Pois      0%         1d3       80%         1
 Blink                    Tloc           0%         N/A       91%         2
 Poisonous Vapours        Pois/Air       0%         N/A       91%         2
 Manifold Assault         Tloc           0%         N/A       100%        4
 Olgreb's Toxic Radiance  Pois           0%         N/A       100%        4
 Storm Form               Tmut/Air       0%         N/A       100%        7


Dungeon Overview and Level Annotations

Branches:
Dungeon (4/15)              Sewer (visited)
 Temple: D:4-7

Altars:
Kikubaaqudgha
Xom

Shops:
D:4 ?


Message History

You hit the gnoll but do no damage.
You feel very sick.
The gnoll hits you from afar with a +1 halberd of venom.
You are more poisoned.
The gnoll attacks as you move away! The gnoll hits you but does no damage.
You are lethally poisoned!
You feel very sick.
* * * LOW HITPOINT WARNING * * *
You feel very sick. The gnoll barely misses you.
Your attacks no longer feel as feeble.
* * * LOW HITPOINT WARNING * * *
You feel very sick.
The gnoll hits you from afar with a +1 halberd of venom.
* * * LOW HITPOINT WARNING * * *
It was a potion of berserk rage.
A red film seems to cover your vision as you go berserk!
You feel yourself moving faster!
You feel mighty!
* * * LOW HITPOINT WARNING * * *
You feel very sick. You block the gnoll's attack.
The gnoll completely misses you.
You are too berserk!
You slice the gnoll!!
You kill the gnoll!
* * * LOW HITPOINT WARNING * * *
You feel very sick.
You feel sick.
The gnoll is no longer moving quickly.
The gnoll hits you but does no damage.
You are lethally poisoned!
You see here a +2 whip of venom.
You barely miss the gnoll.
* * * LOW HITPOINT WARNING * * *
You feel very sick.
The gnoll hits you with a +1 halberd of venom.
* * * LOW HITPOINT WARNING * * *
You closely miss the gnoll.
* * * LOW HITPOINT WARNING * * *
You feel very sick.
The gnoll hits you with a +1 halberd of venom.
You die...

..# #.# ## ##.# ##.###. ####
##..# ##..#..> ##..### ##...#
###..##... ##.....#######
##....###..### #.# #........##...
...........### #.# #.............
.............###.# #.........####
...............#.# #..........##
###............#@# #...........#
#............g.###.........).##
###.#.............###........÷..#
#.._............).#)............#
..#.#....................<.......
..#....................§.........
..###...............#............
..# ###......##..#..#............
#..# #########..#..#............


You could see a gnoll.

Vanquished Creatures
  Sigmund (D:2)
  A phantom (D:4)
  4 kobold brigands (Sewer)
  A gnoll bouda (D:4)
  An iguana (D:4)
  2 gnolls (D:4)
  5 adders
  9 worms
  2 orcs
  14 endoplasms
  7 giant cockroaches
  9 goblins
  8 hobgoblins
  4 jackals (D:1)
  6 quokkas
  9 ball pythons
  3 bats
  5 frilled lizards
  12 kobolds
  10 rats
113 creatures vanquished.

Notes
Turn   | Place    | Note
-------+----------+-------------------------------------------
     0 | D:1      | retardedninja the Hill Orc Fighter began the quest for the
                  | Orb.
     0 | D:1      | Reached XP level 1. HP: 19/19 MP: 1/1
    30 | D:1      | Reached XP level 2. HP: 26/27 MP: 2/2
   210 | D:1      | Reached XP level 3. HP: 33/33 MP: 3/3
   971 | D:2      | Reached XP level 4. HP: 36/40 MP: 4/4
  1461 | D:2      | Noticed Sigmund
  1470 | D:2      | Killed Sigmund
  1471 | D:2      | Reached skill level 5 in Fighting
  1471 | D:2      | Reached XP level 5. HP: 30/48 MP: 5/5
  1471 | D:2      | Reached XP level 6. HP: 35/56 MP: 6/6
  1993 | D:3      | Found a glowing drain.
  2003 | Sewer    | Entered a sewer
  2518 | Sewer    | Reached skill level 5 in Axes
  2671 | Sewer    | Reached skill level 5 in Armour
  2671 | Sewer    | Reached skill level 5 in Shields
  2671 | Sewer    | Reached XP level 7. HP: 49/61 MP: 7/7
  3363 | D:3      | Found a shimmering altar of Xom.
  4438 | D:4      | Found an ancient bone altar of Kikubaaqudgha.
  4567 | D:4      | Found Qaseigi's Magic Scroll Shoppe.
  4572 | D:4      | Bought a scroll of enchant weapon for 97 gold pieces
  4572 | D:4      | Bought a scroll of enchant weapon for 97 gold pieces
  4845 | D:4      | HP: 4/94 [gnoll/+1 halberd of venom[a gnoll bouda] (2)]
  4846 | D:4      | HP: 1/94 [poisoned by a gnoll]
  4846 | D:4      | Slain by a gnoll

Illustrated notes

Levels and vault maps discovered:
D:1:      beargit_arrival_greenhouse, layout_loops_ring
D:2:      layout_basic, wander_ebering_terrifying_dragon_lair, uniq_sigmund
D:3:      layout_basic, amcnicky_altar_gilded, cheibrodos_sewer_entry_sluice
D:4:      layout_layer_cave, lemuel_crystal_altar, serial_shops,
          kennysheep_little_box, minivault_11, ebering_dispersal_statue_hall

Skill      XL: |  1  2  3  4  5  6  7 |
---------------+----------------------+-----
Axes           | 3 4 5 6 |  6.1
Fighting       | 4 5 6 |  6.2
Armour         | 4 5 |  5.7
Shields        | 4 5 |  5.6

Action                   |  1- 3 |  4- 6 |  7- 9 || total
-------------------------+-------+-------+-------++-------
Melee: War axe           |    98 |   124 |   138 ||   360
  Use: Potion            |       |     1 |     1 ||     2
       Scroll            |       |       |     3 ||     3
Armor: Scale mail        |    39 |    40 |    53 ||   132
Dodge: Dodged            |    51 |    51 |    58 ||   160
Block: Buckler           |    16 |    16 |    27 ||    59

Table legend: (Time is in decaauts)
 A = Elapsed time spent in this place.
 B = Non-inter-level travel time spent in this place.
 C = Inter-level travel time spent in this place.
 D = Time resting spent in this place.
 E = Time spent auto-exploring this place.
 F = Levels seen in this place.
 G = Mean time per level.
                   A        B        C        D        E       F      G
               +--------+--------+--------+--------+--------+-----+--------+
         Total |   5107 |   5036 |     71 |    894 |   3259 |   5 | 1021.4 |
       Dungeon |   3571 |   3500 |     71 |    273 |   2645 |   4 |  892.8 |
         Sewer |   1536 |   1536 |      0 |    621 |    614 |   1 | 1536.0 |
               +--------+--------+--------+--------+--------+-----+--------+

Top non-repeatable levels by time:
   Sewer: 1536 daAuts
     D:2: 1150 daAuts
     D:3: 845 daAuts
     D:1: 790 daAuts
     D:4: 785 daAuts
